 Dungeon Crawl Stone Soup version 0.27.1-1-g398f81649c (webtiles) character file.

Game seed: 13295339634433706739

1657 bnorton916 the Vexing (level 8, -4/41 HPs)
             Began as a Deep Elf Conjurer on Sept 13, 2021.
             Shot with an arrow by a centaur (12 damage)
             ... on level 6 of the Dungeon.
             The game lasted 00:06:48 (5995 turns).

bnorton916 the Vexing (Deep Elf Conjurer)           Turns: 5995, Time: 00:06:49

Health: -4/41      AC:  2    Str:  4    XL:     8   Next: 68%
Magic:  19/19      EV: 13    Int: 26    God:
Gold:   350        SH:  0    Dex: 13    Spells: 8/19 levels left

rFire    . . .     SeeInvis .   (no weapon)
rCold    . . .     Faith    .   (no shield)
rNeg     . . .     Spirit   .   a - +0 robe
rPois    .         Reflect  .   (no helmet)
rElec    .         Harm     .   o - scarf {+Inv}
rCorr    .         Rampage  .   (no gloves)
Will     .....                  (no boots)
Stlth    ++........             y - amulet of magic regeneration
HPRegen  0.13/turn              (no ring)
MPRegen  0.41/turn              (no ring)

@: no status effects
A: no striking features
a: Evoke Invisibility


You were on level 6 of the Dungeon.
You visited 1 branch of the dungeon, and saw 7 of its levels.

You collected 350 gold pieces.

Inventory:

Hand Weapons
 h - a +1 whip of freezing
 n - a +2 dagger of flaming
 D - a +4 short sword of protection
Missiles
 b - 4 javelins
Armour
 a - a +0 robe (worn)
 o - a scarf of invisibility (worn)
Magical Staves
 j - a staff of fire
Jewellery
 y - an amulet of magic regeneration (around neck)
 G - a +6 ring of dexterity
 H - an amulet of faith
Wands
 s - a wand of polymorph (14)
 v - a wand of mindburst (18)
 w - a wand of flame (11)
 C - a wand of paralysis (10)
 E - a wand of iceblast (10)
Scrolls
 g - 4 scrolls of teleportation {unknown}
 i - 2 scrolls of fog {unknown}
 m - a scroll of fear {unknown}
 p - 7 scrolls of identify {unknown}
 q - a scroll of immolation {unknown}
 r - 2 scrolls of vulnerability {unknown}
 t - a scroll of enchant armour {unknown}
 u - a scroll of blinking {unknown}
 x - a scroll of brand weapon {unknown}
 A - a scroll of noise {unknown}
Potions
 c - a potion of attraction {unknown}
 d - 2 potions of might {unknown}
 e - a potion of resistance {unknown}
 f - 4 potions of flight {unknown}
 k - 2 potions of heal wounds {unknown}
 l - a potion of haste {unknown}
 z - a potion of curing {unknown}
 B - a potion of mutation {unknown}
 F - a potion of ambrosia {unknown}


   Skills:
 + Level 2.2 Armour
 + Level 4.3 Dodging
 - Level 2.4 Stealth
 - Level 6.0 Spellcasting
 - Level 6.2 Conjurations
 - Level 7.6 Hexes
 - Level 6.3 Translocations


You had 8 spell levels left.
You knew the following spells:

 Your Spells              Type           Power      Damage    Failure   Level
a - Magic Dart            Conj           100%       1d8       1%          1
b - Searing Ray           Conj           80%        3d6       1%          2
c - Fulminant Prism       Conj/Hex       21%        3d13      4%          4
d - Iskenderun's Mystic   Conj/Tloc      40%        2d9       5%          4

Your spell library contained the following spells:

 Spells                   Type           Power      Damage    Failure   Level
 Dazzling Flash           Conj/Hex       86%        N/A       1%          3
 Portal Projectile        Hex/Tloc       88%        N/A       1%          3
 Cause Fear               Hex            23%        N/A       3%          4
 Inner Flame              Hex/Fire       27%        N/A       4%          3
 Summon Guardian Golem    Hex/Summ       27%        N/A       4%          3
 Summon Small Mammal      Summ           28%        N/A       7%          1
 Sublimation of Blood     Necr           3%         N/A       11%         2
 Leda's Liquefaction      Hex/Erth       13%        N/A       14%         4
 Call Canine Familiar     Summ           7%         N/A       21%         3
 Irradiate                Conj/Tmut      12%        3d17      47%         5
 Petrify                  Tmut/Erth      7%         N/A       56%         4
 Discord                  Hex            23%        N/A       100%        8


Dungeon Overview and Level Annotations

Branches:
Dungeon (7/15)             Temple (0/1) D:6

Altars:
Ashenzari
Dithmenos
Hepliaklqana
Makhleb
Nemelex Xobeh
Okawaru
Qazlal
Trog
Wu Jian
Zin

Shops:
D:2 [   D:3 *   D:5 [

Annotations:
D:3 Purgy


Message History

Aim: an ice beast (moderately wounded, 100% to hit)
The magic dart hits the ice beast but does no damage.
The ice beast is moderately wounded.
Casting: Magic Dart (safe; 1% risk of failure)
Confirm with . or Enter, or press ? or * to list all spells.
You can't see any susceptible monsters within range! (Use Z to cast anyway.)
Casting: Magic Dart (safe; 1% risk of failure)
Confirm with . or Enter, or press ? or * to list all spells.
You can't see any susceptible monsters within range! (Use Z to cast anyway.)
Casting: Magic Dart (safe; 1% risk of failure)
Confirm with . or Enter, or press ? or * to list all spells.
Aiming: Searing Ray (safe; 1% risk of failure)
Press: ? - help, Shift-Dir - straight line, f/p - ice beast
Aim: an ice beast (moderately wounded, 82% to hit)
The searing ray hits the ice beast!
The ice beast is heavily wounded. (Press . to maintain the ray.) Unknown command.
The searing ray hits the ice beast!
The ice beast is almost dead.
The searing ray hits the ice beast.
You kill the ice beast!
Your Armour skill increases to level 2!
Your Dodging skill increases to level 4!
You finish channeling your searing ray.
Unknown command.
There is a stone staircase leading up here.
You start resting.
A centaur skeleton comes into view.
A centaur skeleton is nearby!
A centaur skeleton is nearby!
You climb upwards.
There is a stone staircase leading down here.
The centaur shoots an arrow.
The arrow hits you!
The centaur shoots an arrow.
The arrow hits you!
The centaur shoots an arrow.
The arrow closely misses you.
The centaur shoots an arrow.
The arrow hits you!
* * * LOW HITPOINT WARNING * * *
The centaur shoots an arrow.
The arrow hits you!
You die...

.........>........#......##
..................#......##
..................#.......#
..................#.......#
##...........#.......#
#....c........##+####
#.....#######.......#
#.....# #.......# #..†@.#
#.......' #.....# #.......#
#########.....# #.......#
#.............# #.......#
#.....>.......# #.......#
#.............# #.......#
#.............# #.......#
#.............# ###.....#
#.............# #.....#


You could see a centaur.

Vanquished Creatures
  A two-headed ogre (D:6)
  Duvessa (D:5)
  An ice beast (D:7)
  A black bear (D:5)
  An ogre (D:6)
  2 bullfrogs (D:6)
  A scorpion (D:6)
  Dowan (D:5)
  A centaur zombie (D:5)
  A hound (D:4)
  A jelly (D:5)
  2 bullfrog skeletons (D:6)
  A centaur skeleton (D:6)
  Ijyb (D:3)
  Natasha (D:4)
  An iguana (D:5)
  A hound skeleton (D:5)
  6 adders
  A white imp (D:5)
  An ufetubus (D:5)
  2 worms
  A dart slug (D:2)
  2 orcs (D:3)
  6 bats
  6 endoplasms
  A giant cockroach (D:2)
  5 goblins
  3 hobgoblins
  8 jackals
  5 quokkas
  2 ball pythons
  7 frilled lizards
  A jackal skeleton (D:4)
  4 kobolds
  7 rats
87 creatures vanquished.

Vanquished Creatures (others)
  5 fulminant prisms (D:6)
5 creatures vanquished.

Grand Total: 92 creatures vanquished

Notes
Turn   | Place    | Note
-------+----------+-------------------------------------------
     0 | D:1      | bnorton916 the Deep Elf Conjurer began the quest for the
                  | Orb.
     0 | D:1      | Reached XP level 1. HP: 10/10 MP: 6/6
   305 | D:1      | Reached XP level 2. HP: 15/15 MP: 4/8
   548 | D:1      | Found a faded altar of an unknown god.
  1045 | D:1      | Learned a level 2 spell: Searing Ray
  1389 | D:2      | Reached XP level 3. HP: 19/19 MP: 7/10
  1447 | D:2      | Reached skill level 5 in Conjurations
  2144 | D:2      | Reached XP level 4. HP: 24/24 MP: 9/12
  2375 | D:2      | Found Ysuzychy's Antique Armour Boutique.
  2507 | D:3      | Found Buol's Assorted Antiques.
  2702 | D:3      | Found a bloodstained altar of Trog.
  2964 | D:3      | Noticed Ijyb
  2969 | D:3      | Killed Ijyb
  2970 | D:3      | Reached skill level 5 in Spellcasting
  3217 | D:3      | Found a hazy altar of Hepliaklqana.
  3330 | D:3      | Noticed Purgy
  3387 | D:4      | Found an iron altar of Okawaru.
  3392 | D:4      | Found a shadowy altar of Dithmenos.
  3479 | D:4      | Found an ornate altar of the Wu Jian Council.
  3922 | D:4      | Noticed Natasha
  3925 | D:4      | Killed Natasha
  3926 | D:4      | Reached XP level 5. HP: 28/28 MP: 10/14
  3943 | D:4      | Found a broken altar of Ashenzari.
  3971 | D:4      | Found a sparkling altar of Nemelex Xobeh.
  4152 | D:4      | Found a glowing silver altar of Zin.
  4187 | D:4      | Found a burning altar of Makhleb.
  4321 | D:5      | Entered Level 5 of the Dungeon
  4411 | D:5      | Learned a level 4 spell: Fulminant Prism
  4416 | D:5      | Learned a level 4 spell: Iskenderun's Mystic Blast
  4542 | D:5      | Noticed a black bear
  4547 | D:5      | Killed a black bear
  4548 | D:5      | Reached skill level 2 in Hexes
  4548 | D:5      | Reached skill level 1 in Translocations
  4548 | D:5      | Reached XP level 6. HP: 32/32 MP: 12/17
  4614 | D:5      | Noticed Duvessa
  4615 | D:5      | Noticed Dowan
  4623 | D:5      | Killed Duvessa
  4624 | D:5      | Reached skill level 3 in Hexes
  4625 | D:5      | Killed Dowan
  4725 | D:5      | Found Jeanie's Antique Armour Shop.
  4877 | D:5      | Reached skill level 4 in Hexes
  4877 | D:5      | Reached XP level 7. HP: 27/36 MP: 14/18
  5178 | D:6      | Found a stormy altar of Qazlal.
  5398 | D:6      | Found a staircase to the Ecumenical Temple.
  5426 | D:6      | Reached skill level 5 in Hexes
  5562 | D:6      | Noticed a two-headed ogre
  5587 | D:6      | Killed a two-headed ogre
  5588 | D:6      | Reached skill level 7 in Hexes
  5588 | D:6      | Reached XP level 8. HP: 41/41 MP: 4/19
  5725 | D:6      | Reached skill level 1 in Armour
  5995 | D:6      | Shot with an arrow by a centaur

Illustrated notes

Levels and vault maps discovered:
D:1:      dpeg_arrival_arbitrary_c, layout_basic,
          shapermc_ecumenical_altar_totnotflames
D:2:      minmay_chambers_of_twos, layout_basic, serial_shops,
          nicolae_lakefront_shop, chequers_serial_rivers_small_a
D:3:      layout_loops_ring, trog_butcher_becter,
          nicolae_hepliaklqana_hippocampus, serial_shops, shop, minivault_5,
          uniq_ijyb, uniq_purgy
D:4:      layout_loops_corners, kennysheep_mini, makhleb_blood_cavern_becter,
          mainiacjoe_overflow_alcove_2, nicolae_overflow_hidden_temple,
          overflow_temple_1_default, uniq_natasha
D:5:      layout_rooms, serial_shops, nicolae_shop_stone, uniq_duvessa
D:6:      layout_gridville, nicolae_qazlal_eye_of_the_storm, temple_statues
D:7:      layout_loops_cross, mainiacjoe_overflow_alcove_4, st_stairs_5,
          minmay_bent

Skill      XL: |  1  2  3  4  5  6  7  8 |
---------------+-------------------------+-----
Spellcasting   | 4 5 6 |  6.0
Conjurations   | 5 6 |  6.2
Hexes          | 2 4 7 |  7.6
Translocations | 1 3 6 |  6.3
Armour         | 2 |  2.2
Dodging        | 4 |  4.3
Stealth        | |  2.4

Action                   |  1- 3 |  4- 6 |  7- 9 || total
-------------------------+-------+-------+-------++-------
 Cast: Magic Dart        |    86 |    69 |    47 ||   202
       Searing Ray       |       |     8 |     4 ||    12
       Fulminant Prism   |       |       |     5 ||     5
Armor: Robe              |     4 |     4 |       ||     8
Dodge: Dodged            |    10 |    13 |     9 ||    32
